 Dungeon Crawl Stone Soup version 0.21.0 (webtiles) character file.

1592 Leibowitz the Cleaver (level 8, 0/68 HPs)
             Began as a Hill Orc Gladiator on Jan 7, 2018.
             Was a Believer of Beogh.
             Slain by a red ugly thing (18 damage)
             ... on level 7 of the Dungeon.
             The game lasted 00:17:30 (4853 turns).

Leibowitz the Cleaver (Hill Orc Gladiator)          Turns: 4853, Time: 00:17:31

Health: 0/68       AC:  8    Str: 19 (21) XL:     8   Next: 93%
Magic:  7/7        EV:  8    Int:  6 (8)  God:    Beogh [**....]
Gold:   250        SH: 18    Dex: 12      Spells: 7/7 levels left

rFire    . . .     SeeInvis +   a - +0 war axe
rCold    . . .     Gourm    .   i - +3 large shield
rNeg     . . .     Faith    +   k - +0 ring mail
rPois    .         Spirit   .   c - +0 helmet
rElec    .         Reflect  .   (no cloak)
rCorr    .         Harm     .   j - +0 pair of gloves
MR       .....                  (no boots)
Stlth    +.........             x - amulet of faith
HPRegen  0.21/turn              w - ring of see invisible (curse)
MPRegen  0.10/turn              (no ring)

@: about to teleport
A: low mp 1, strong 1
a: Smiting, Renounce Religion


You were on level 7 of the Dungeon.
You worshipped Beogh.
Beogh was pleased with you.
You were not hungry.

You visited 1 branch of the dungeon, and saw 7 of its levels.

You collected 250 gold pieces.

Inventory:

Hand Weapons
 a - a +0 war axe (weapon)
Missiles
 d - 3 throwing nets (quivered)
Armour
 c - a +0 helmet (worn)
 i - a +3 large shield (worn)
 j - a +0 pair of gloves (worn)
 k - a +0 ring mail (worn)
Jewellery
 e - an uncursed amulet of regeneration
 s - an uncursed ring of teleportation
 w - a cursed ring of see invisible (left hand)
 x - an amulet of faith (around neck)
 z - an uncursed ring of poison resistance {unknown}
Scrolls
 g - 8 scrolls of identify
 l - 3 scrolls of blinking
 o - a scroll of vulnerability {unknown}
 q - a scroll of enchant armour
 v - a scroll of teleportation
 y - a scroll of enchant weapon {unknown}
Potions
 b - 2 potions of lignification
 h - 3 potions of flight
 m - 2 potions of agility
 n - a potion of resistance
 p - a potion of haste
 r - a potion of magic
 t - a potion of might
 u - a potion of curing
Comestibles
 f - 11 rations


   Skills:
 * Level 5.2 Fighting
 * Level 9.4 Axes
 - Level 1.7 Throwing
 * Level 4.4 Armour
 + Level 3.4 Dodging
 * Level 6.0 Shields
 + Level 0.3 Invocations


You had 7 spell levels left.
You didn't know any spells.

Dungeon Overview and Level Annotations

Branches:
Dungeon (7/15)             Temple (0/1) D:5

Altars:
Ashenzari
Nemelex Xobeh
Yredelemnul

Shops:
D:7 (

Annotations:
D:3 1 runed door, MTVSty1e's ghost, amateur DrMo
D:7 ThereIsNoGod's ghost, novice MiGl


Innate Abilities, Weirdness & Mutations

Your magical capacity is low. (-10% MP)
Your muscles are strong. (Str +2)


Message History

The red ugly thing is heavily wounded.
You block the red ugly thing's attack.
You hit the red ugly thing but do no damage.
The red ugly thing is moderately wounded.
You block the red ugly thing's attack.
You closely miss the red ugly thing.
The red ugly thing is moderately wounded.
The red ugly thing gores you but does no damage.
You closely miss the red ugly thing.
The red ugly thing is moderately wounded.
You block the red ugly thing's attack. x2
Your shield prevents you from hitting the red ugly thing.
The red ugly thing is moderately wounded.
You block the red ugly thing's attack.
You aren't carrying any items that you can evoke.
As you read the scroll of teleportation, it crumbles to dust.
You feel strangely unstable. The red ugly thing gores you.
* * * LOW HITPOINT WARNING * * *
You are engulfed in flames!!
You die...

#.# #..<.######
#.####........#
#.[...........#
.######........#
......#........#
................
#####.#)#...####
####.#.#...##########
##
........'...ou@.......
.
......#.#...##########
# #######u#...# #
#.#...# ##### #o#...#
..... #.#.... #..
#.#..... #.# #.###....
####.# #..... #.W..#


You could see a red ugly thing and an orc.

Vanquished Creatures
  Eustachio (D:4)
  Menkaure (D:7)
  An ice beast (D:6)
  A sky beast (D:7)
  A phantom (D:6)
  2 ogres
  A water moccasin zombie (D:5)
  A scorpion (D:5)
  A vampire bat (D:4)
  A howler monkey (D:5)
  2 crimson imps
  An orc priest (D:5)
  8 orc wizards
  2 hounds
  A jelly (D:5)
  A bullfrog skeleton (D:5)
  An iguana (D:4)
  A worker ant (D:4)
  A hound zombie (D:5)
  Robin (D:4)
  2 adders
  A shadow imp (D:7)
  4 oozes
  2 worms
  4 dart slugs
  3 fire bats (D:4)
  2 leopard geckos
  7 orcs
  A spectral bat (D:4)
  3 bat skeletons (D:4)
  A bat zombie (D:4)
  8 giant cockroaches
  14 goblins
  9 hobgoblins
  3 jackals (D:5)
  5 kobolds
  A quokka (D:5)
  A ball python (D:2)
  16 bats
  A bat simulacrum (D:4)
  3 frilled lizards
  A jackal skeleton (D:6)
  A leopard gecko skeleton (D:4)
  2 leopard gecko zombies
125 creatures vanquished.

Vanquished Creatures (others)
  3 orcs (D:4)
  A spectral bat (D:4)
  A giant cockroach (D:4)
5 creatures vanquished.

Grand Total: 130 creatures vanquished

Notes
Turn   | Place    | Note
-------+----------+-------------------------------------------
     0 | D:1      | Leibowitz the Hill Orc Gladiator began the quest for the Orb.
     0 | D:1      | Reached XP level 1. HP: 18/18 MP: 1/1
   232 | D:1      | Reached XP level 2. HP: 23/25 MP: 2/2
   593 | D:1      | Found a shattered altar of Ashenzari.
   718 | D:1      | Reached XP level 3. HP: 30/30 MP: 3/3
  1051 | D:2      | Reached skill level 5 in Axes
  1051 | D:2      | Reached skill level 1 in Armour
  1113 | D:2      | Reached skill level 1 in Shields
  1172 | D:2      | Reached XP level 4. HP: 37/37 MP: 4/4
  1601 | D:3      | Found a runed door.
  1601 | D:3      | Noticed a human
  1603 | D:3      | Found a basalt altar of Yredelemnul.
  1675 | D:3      | Noticed MTVSty1e's ghost (amateur DrMo)
  1884 | D:4      | Became a worshipper of Beogh the Brigand
  1901 | D:4      | Noticed Robin
  1906 | D:4      | Killed Robin
  1956 | D:4      | Reached XP level 5. HP: 32/45 MP: 5/5
  1961 | D:4      | HP: 1/45 [something/magic dart (6)]
  2007 | D:4      | Noticed Eustachio
  2064 | D:4      | Killed Eustachio
  2064 | D:4      | Reached skill level 6 in Axes
  2064 | D:4      | Reached XP level 6. HP: 38/52 MP: 6/6
  2145 | D:4      | Gained mutation: Your magical capacity is low. (-10% MP) [potion of mutation]
  2145 | D:4      | Gained mutation: Your muscles are strong. (Str +2) [potion of mutation]
  2232 | D:4      | Reached * piety under Beogh
  2369 | D:4      | Reached XP level 7. HP: 53/58 MP: 6/6
  2469 | D:4      | Reached skill level 7 in Axes
  2695 | D:5      | Entered Level 5 of the Dungeon
  2705 | D:5      | Found a sparkling altar of Nemelex Xobeh.
  2856 | D:5      | Found a staircase to the Ecumenical Temple.
  2884 | D:5      | Reached ** piety under Beogh
  2906 | D:5      | Reached XP level 8. HP: 16/67 MP: 7/7
  2922 | D:5      | Reached skill level 8 in Axes
  3052 | D:5      | Reached skill level 5 in Shields
  4235 | D:7      | Reached skill level 5 in Fighting
  4235 | D:7      | Reached skill level 9 in Axes
  4255 | D:7      | Noticed Menkaure
  4271 | D:7      | Killed Menkaure
  4273 | D:7      | Noticed ThereIsNoGod's ghost (novice MiGl)
  4632 | D:7      | Found Adep's Antique Weapon Shoppe.
  4832 | D:7      | Noticed a red ugly thing
  4853 | D:7      | Slain by a red ugly thing

Skill      XL: |  1  2  3  4  5  6  7  8 |
---------------+-------------------------+-----
Axes           | 5 6 7 9 |  9.4
Armour         | 1 2 3 4 |  4.4
Shields        | 1 2 3 4 6 |  6.0
Fighting       | 3 4 5 |  5.2
Dodging        | 3 |  3.4
Throwing       | |  1.7
Invocations    | |  0.3

Action                   |  1- 3 |  4- 6 |  7- 9 || total
-------------------------+-------+-------+-------++-------
Melee: War axe           |    99 |   243 |   223 ||   565
Invok: Convert to Beogh  |       |     1 |       ||     1
       Smiting           |       |       |     2 ||     2
  Use: Potion            |       |     6 |     6 ||    12
       Scroll            |       |     3 |     6 ||     9
 Stab: Invisible         |       |       |     2 ||     2
  Eat: Chunk             |     1 |     5 |     2 ||     8
       Ration            |       |       |     2 ||     2
Armor: Leather armour    |     2 |       |       ||     2
       Ring mail         |    21 |    96 |    44 ||   161
Dodge: Dodged            |    30 |    76 |    34 ||   140
Block: Large shield      |    71 |   261 |   188 ||   520
